 Dungeon Crawl Stone Soup version 0.19.1-1-g22dce08 (webtiles) character file.

25 HessuHobo the Conjurer (level 2, 0/15 HPs)
             Began as a Deep Elf Conjurer on Dec 28, 2016.
             Slain by a kobold
             ... wielding a +0 short sword
              (4 damage)
             ... on level 2 of the Dungeon.
             The game lasted 00:02:37 (1186 turns).

HessuHobo the Conjurer (Deep Elf Conjurer)          Turns: 1186, Time: 00:02:38

Health: 0/15       AC:  2    Str:  5    XL:     2   Next: 86%
Magic:  1/8        EV: 13    Int: 19    God:
Gold:   72         SH:  0    Dex: 15    Spells: 1 memorised, 6 levels left

rFire  . . .     SeeInvis .     d - -1 short sword (curse)
rCold  . . .     Gourm    .     a - +0 robe
rNeg   . . .     Faith    .     (no shield)
rPois  .         Spirit   .     (no helmet)
rElec  .         Reflect  .     (no cloak)
rCorr  .         Harm     .     (no gloves)
MR     .....                    (no boots)
Stlth  ++........               (no amulet)
                                (no ring)
                                (no ring)

@: very slightly contaminated
A: high mp 1, screaming 1
a: no special abilities


You were on level 2 of the Dungeon.
You were not hungry.

You visited 1 branch of the dungeon, and saw 2 of its levels.

You collected 72 gold pieces.

Inventory:

Hand Weapons
 d - a cursed -1 short sword (weapon)
Armour
 a - a +0 robe (worn)
Scrolls
 e - 2 scrolls of random uselessness {unknown}
 h - 2 scrolls of remove curse {unknown}
Books
 b - a book of Conjurations

   Spells                             Type                      Level
   a - Magic Dart                     Conjuration                  1
   b - Searing Ray                    Conjuration                  2
   c - Dazzling Spray                 Conjuration/Hexes            3
   d - Fulminant Prism                Conjuration/Hexes            4
   e - Iskenderun's Mystic Blast      Conjuration                  4
   f - Iskenderun's Battlesphere      Conjuration/Charms           5
 f - a book of Minor Magic

   Spells                             Type                      Level
   a - Magic Dart                     Conjuration                  1
   b - Blink                          Translocation                2
   c - Call Imp                       Summoning                    2
   d - Repel Missiles                 Charms/Air                   2
   e - Slow                           Hexes                        2
   f - Conjure Flame                  Conjuration/Fire             3
   g - Mephitic Cloud                 Conjuration/Poison/Air       3
Comestibles
 c - a bread ration


   Skills:
 - Level 2.4 Dodging
 - Level 2.4 Stealth
 - Level 3.0 Spellcasting
 + Level 5.4 Conjurations


You had 6 spell levels left.
You knew the following spells:

 Your Spells              Type           Power        Failure   Level  Hunger
a - Magic Dart            Conj           ###.         1%          1    None


Dungeon Overview and Level Annotations

Branches:
Dungeon (2/15)

Altars:


Innate Abilities, Weirdness & Mutations

You have an increased reservoir of magic. (+10% MP)
You occasionally shout uncontrollably at your foes.


Message History

The leopard gecko bites you. The kobold hits you with a short sword.
* * * LOW HITPOINT WARNING * * *
The leopard gecko barely misses you.
Casting: Magic Dart
Confirm with . or Enter, or press ? or * to list all spells.
Aiming: Magic Dart
Press: ? - help, Shift-Dir - straight line, f/p - leopard gecko
Aim: a leopard gecko (severely wounded)
The magic dart hits the leopard gecko.
You kill the leopard gecko!
The kobold completely misses you.
Casting: Magic Dart
Confirm with . or Enter, or press ? or * to list all spells.
Aiming: Magic Dart
Press: ? - help, Shift-Dir - straight line, f - kobold
Aim: a kobold, wielding a short sword The magic dart hits the kobold.
The kobold is severely wounded.
The kobold hits you with a short sword.
You die...

..... ... #.....
#.. ...... #..
#.#.... #..##
##....... ###....
#...#....
.......##........
........@...#..
.......K.........
.......##.....##.
....... ...<..#
....... ....###
.........=..#
.............
..............
.......


You could see a kobold.

Vanquished Creatures
  2 leopard geckos
  2 giant cockroaches (D:1)
  3 hobgoblins (D:1)
  5 kobolds (D:1)
  4 bats (D:1)
  4 frilled lizards (D:1)
  2 goblins (D:1)
22 creatures vanquished.

Notes
Turn   | Place    | Note
-------+----------+-------------------------------------------
     0 | D:1      | HessuHobo the Deep Elf Conjurer began the quest for the Orb.
     0 | D:1      | Reached XP level 1. HP: 10/10 MP: 6/6
   227 | D:1      | Reached XP level 2. HP: 15/15 MP: 6/8
   292 | D:1      | Reached skill level 5 in Conjurations
   829 | D:1      | Gained mutation: You occasionally shout uncontrollably at your foes. [potion of mutation]
   829 | D:1      | Gained mutation: You have an increased reservoir of magic. (+10% MP) [potion of mutation]
  1186 | D:2      | Slain by a kobold

Skill      XL: |  1  2 |
---------------+-------+-----
Conjurations   | 5 |  5.4
Dodging        | |  2.4
Stealth        | |  2.4
Spellcasting   | |  3.0

Action                   || total
-------------------------++-------
Melee: Unarmed           ||     9
       Short sword       ||     6
 Cast: Magic Dart        ||    40
  Use: Potion            ||     3
  Eat: Bread ration      ||     1
Armor: Robe              ||     3
Dodge: Dodged            ||    16
